 Dungeon Crawl Stone Soup version 0.29-a0-72-g1732ff48e7 (webtiles) character file.

Game seed: 12687750652455376943

124 Hubjo the Sneak (level 4, -1/19 HPs)
             Began as a Vampire Enchanter on Feb 3, 2022.
             Was an Initiate of Ru.
             Slain by a shadow imp (3 damage)
             ... on level 6 of the Dungeon.
             The game lasted 00:13:07 (2985 turns).

Hubjo the Sneak (Vampire Enchanter)                 Turns: 2985, Time: 00:13:08

Health: -1/19      AC:  3    Str:  7    XL:     4   Next: 81%
Magic:  7/7        EV: 13    Int: 17    God:    Ru [......]
Gold:   113        SH:  0    Dex: 16    Spells: 7/7 levels left

rFire   . . .      SeeInvis +   a - +3 dagger
rCold   + + .      Faith    .   (no shield)
rNeg    + + +      Spirit   .   b - +0 robe
rPois   ∞          Reflect  .   (no helmet)
rElec   .          Harm     .   (no cloak)
rCorr   .          Rampage  .   k - +0 pair of gloves
Will    .....                   (no boots)
Stlth   +++++.....              (no amulet)
HPRegen 0.00/turn               (no ring)
MPRegen 0.10/turn               (no ring)

@: bloodless, inhibited regen
A: bloodless, fangs 3, see invisible, vampiric 2, [frail 2]
a: Bat Form, Revivify, Renounce Religion, Sacrifice Resistance, Sacrifice
Stealth, Sacrifice Drink, Reject Sacrifices


You were on level 6 of the Dungeon.
You worshipped Ru.
Ru was noncommittal.
You visited 1 branch of the dungeon, and saw 5 of its levels.
You also visited: Ossuary.

You collected 113 gold pieces.

Inventory:

Hand Weapons
 a - a +3 dagger (weapon)
 g - a +3 spectral club
Armour
 b - a +0 robe (worn)
 k - a +0 pair of gloves (worn)
Magical Staves
 j - a staff of air
Potions
 d - a potion of attraction {unknown}
 e - a potion of haste {unknown}
 f - a potion of heal wounds
 i - 2 potions of resistance


   Skills:
 + Level 1.7 Fighting
 + Level 2.0 Short Blades
 + Level 2.8 Dodging
 * Level 6.2 Stealth
 + Level 2.0 Spellcasting
 + Level 5.1 Hexes


You had 7 spell levels left.
You didn't know any spells.
Your spell library contained the following spells:

 Spells                   Type           Power      Damage    Failure   Level
 Confusing Touch          Hex            19%        N/A       7%          3
 Tukima's Dance           Hex            19%        N/A       7%          3
 Ensorcelled Hibernation  Hex/Ice        20%        N/A       10%         2
 Dazzling Flash           Conj/Hex       20%        N/A       21%         3


Dungeon Overview and Level Annotations

Branches:
Dungeon (4/15)            Ossuary (visited)
 Temple: D:4-7

Altars:
Ru

Shops:
D:6 [((:

Annotations:
D:3 GaryGuesser's ghost, amateur HOBe; Sigmund


Innate Abilities, Weirdness & Mutations

You do not regenerate when monsters are visible.
You are frail without blood (-20% HP).
You can heal yourself when you bite living creatures.
You are immune to poison.
You have razor-sharp teeth.
You have supernaturally acute eyesight. (SInv)
You are afflicted with vampirism and can become a bat while bloodless.
[You are very frail. (-20% HP)]


Message History

HP restored.
There is an entrance to Aleiqa's Antique Weapon Boutique here.
There is an entrance to Muitral's Antique Armour Boutique here.
You begin bloodletting.
You continue bloodletting. x5
You become bloodless.
The adder hisses angrily.
You barely miss the sky beast. The adder barely misses you.
The sky beast barely misses you.
You closely miss the sky beast. Your bite misses the sky beast.
The adder closely misses you. The sky beast hits you. The sky beast shocks you.
As you read the scroll of teleportation, it crumbles to dust.
You feel strangely unstable. The adder closely misses you.
The sky beast barely misses you. The adder bites you.
Your surroundings suddenly seem different.
A white imp and an ogre come into view.
Found 14 stones.
A shadow imp and 2 orcs come into view.
A centaur zombie comes into view.
Found 12 gold pieces.
The ogre shouts!
The shadow imp shouts!
The white imp shouts, "Away with thee, thou vain fly-bitten nobody!"
A bullfrog skeleton comes into view.
The white imp gestures at you. The puff of frost hits you. You resist.
* * * LOW HITPOINT WARNING * * *
As you read the scroll of teleportation, it crumbles to dust.
You feel strangely unstable.
The bullfrog skeleton barely misses you. x2
Found a forked copper wand.
Your surroundings suddenly seem different.
As you read the scroll labelled LYXKOWECOCK, it crumbles to dust.
It is a scroll of identify.
i - 2 potions of resistance The white imp gestures at you.
The puff of frost hits you. You resist.
* * * LOW HITPOINT WARNING * * *
The white imp summons a swarm of flies.
The shadow imp hits you.
You die...

###############
#....55@....... #
#.....#O#.#.#.#
#.#............
####.#.....#.#.#.#.
#...................
#........#.#.#.#.#
...###..............
......##...#.#.#.#.
Z..### #.(........


You could see an ogre, a white imp and a shadow imp.

Vanquished Creatures
  Jessica (D:2)
  An iguana (D:4)
  An adder (D:2)
  2 worms (D:2)
  A dart slug (D:2)
  7 ball pythons
  5 endoplasms (D:1)
  A giant cockroach (D:3)
  2 goblins (D:1)
  6 hobgoblins
  4 jackals (D:2)
  A quokka (D:3)
  3 bats
  6 frilled lizards
  7 kobolds
  7 rats
55 creatures vanquished.

Vanquished Creatures (others)
  3 plants (D:2)
3 creatures vanquished.

Grand Total: 58 creatures vanquished

Notes
Turn   | Place    | Note
-------+----------+-------------------------------------------
     0 | D:1      | Hubjo the Vampire Enchanter began the quest for the Orb.
     0 | D:1      | Reached XP level 1. HP: 13/13 MP: 3/3
    86 | D:1      | Found a faded altar of an unknown god.
   115 | D:1      | Prayed at the altar of an unknown god.
   115 | D:1      | Became a worshipper of Ru the Awakened
   237 | D:1      | Reached XP level 2. HP: 10/20 MP: 5/5
   401 | D:1      | Reached skill level 5 in Stealth
   682 | D:1      | Reached skill level 1 in Fighting
   848 | D:1      | Gained mutation: You are afflicted with vampirism and can
                  | become a bat while bloodless. [Vampire growth]
   848 | D:1      | Reached XP level 3. HP: 26/26 MP: 6/6
  1415 | D:2      | Noticed Jessica
  1451 | D:2      | Killed Jessica
  1452 | D:2      | Reached XP level 4. HP: 29/32 MP: 7/7
  1689 | D:2      | Reached skill level 5 in Hexes
  1985 | D:3      | Noticed Sigmund
  2447 | D:3      | Reached skill level 6 in Stealth
  2743 | D:3      | Noticed GaryGuesser's ghost (amateur HOBe)
  2851 | D:4      | You fall into a shaft and drop 2 floors!
  2851 | D:6      | Found a sand-covered staircase.
  2851 | D:6      | Found Ulytroff's Antique Weapon Boutique.
  2867 | Ossuary  | Entered an ossuary
  2875 | Ossuary  | Noticed a scorpion
  2901 | D:6      | Found Muitral's Antique Armour Boutique.
  2902 | D:6      | Found Aleiqa's Antique Weapon Boutique.
  2903 | D:6      | Noticed a sky beast
  2921 | D:6      | Found Ofumel's Book Boutique.
  2968 | D:6      | Noticed an ogre
  2985 | D:6      | Slain by a shadow imp

Illustrated notes

Levels and vault maps discovered:
D:1:      nzn_arrival_crosshair, layout_loops_cross,
          shapermc_ecumenical_altar_starsandcircs
D:2:      layout_loops_ring, grunt_decor_mini_mirrors, st_stairs_11,
          serial_bayou_pond_a, uniq_jessica
D:3:      layout_basic, gammafunk_ghost_split, uniq_sigmund
D:4:      layout_basic, minmay_temple_entry_overgrown,
          hangedman_abyss_or_decor_stabs, nicolae_zen_rock_garden,
          nicolae_shop_fire_sale [nicolae_sub_dead_trees],
          nicolae_shop_dragon_depot, nicolae_underground_beach, uniq_pikel
D:6:      nicolae_BIG_FREAKIN_CUBE, layout_rooms, nicolae_ossuary_entry_ruins,
          st_stairs_11, minmay_shop_grid_forest

Skill      XL: |  1  2  3  4 |
---------------+-------------+-----
Stealth        | 5 6 |  6.2
Fighting       | 1 |  1.7
Hexes          | 5 |  5.1
Short Blades   | 2 |  2.0
Dodging        | |  2.8
Spellcasting   | |  2.0

Action                   |  1- 3 |  4- 6 || total
-------------------------+-------+-------++-------
Melee: Dagger            |   132 |    42 ||   174
       Bite              |    12 |     2 ||    14
       Punch             |     1 |     2 ||     3
 Abil: Exsanguinate      |       |     3 ||     3
       Revivify          |       |     2 ||     2
  Use: Scroll            |     4 |     3 ||     7
       Potion            |     2 |       ||     2
 Stab: Sleeping          |    11 |     8 ||    19
Armor: Robe              |    26 |     5 ||    31
Dodge: Dodged            |    75 |    31 ||   106

Table legend: (Time is in decaauts)
 A = Elapsed time spent in this place.
 B = Non-inter-level travel time spent in this place.
 C = Inter-level travel time spent in this place.
 D = Time resting spent in this place.
 E = Time spent auto-exploring this place.
 F = Levels seen in this place.
 G = Mean time per level.
                   A        B        C        D        E       F      G
               +--------+--------+--------+--------+--------+-----+--------+
         Total |   2977 |   2654 |    323 |    796 |   1189 |   6 |  496.2 |
       Dungeon |   2953 |   2630 |    323 |    796 |   1189 |   5 |  590.6 |
       Ossuary |     23 |     23 |      0 |      0 |      0 |   1 |   23.0 |
               +--------+--------+--------+--------+--------+-----+--------+

Top non-repeatable levels by time:
     D:2: 1650 daAuts
     D:1: 965 daAuts
     D:3: 149 daAuts
     D:6: 110 daAuts
     D:4: 79 daAuts
 Ossuary: 23 daAuts
